 Dungeon Sprint DCSS version 0.30.1 (webtiles) character file.

Game seed: 11382914877646258799

4 boopmooplesden the Ducker (level 1, -3/16 HPs)
             Began as a Demonspawn Gladiator on July 10, 2023.
             Was an Initiate of Trog.
             Slain by a scorpion (4 damage)
             ... in the Dungeon (Sprint VII: "The Pits").
             The game lasted 00:00:17 (63 turns).

boopmooplesden the Ducker (Demonspawn Gladiator)      Turns: 63, Time: 00:00:18

Health: -3/16      AC:  4    Str: 14    XL:     1   Next: 50%
Magic:  1/1        EV: 12    Int:  9    God:    Trog [......]
Gold:   0          SH:  0    Dex: 14    Spells: 0/0 levels left

rFire   . . .        l - +2 quarterstaff
rCold   . . .        (shield currently unavailable)
rNeg    . . .        b - +0 leather armour
rPois   .            c - +0 helmet
rElec   .            (no cloak)
rCorr   .            (no gloves)
SInv    .            (no boots)
Will    .....        (no amulet)
Stlth   +            (no ring)
HPRegen 0.22/turn    (no ring)
MPRegen 0.07/turn

%: no teleportation
@: lethally poisoned (-3 -> -8)
A: no striking features
a: Renounce Religion


You were in the Dungeon.
You worshipped Trog.
Trog was noncommittal.
You visited 1 branch

Inventory:

Hand Weapons
 a - a +0 quarterstaff
 l - a +2 quarterstaff (weapon)
Missiles
 d - 3 throwing nets (quivered)
 e - a javelin
Armour
 b - a +0 leather armour (worn)
 c - a +0 helmet (worn)
Scrolls
 k - a scroll of blinking
 n - 5 scrolls of amnesia
 o - a scroll of summoning
Potions
 f - a potion of curing
 g - a potion of heal wounds
 h - a potion of haste
 i - 4 potions of magic
 j - 3 potions of berserk rage
 m - 2 potions of invisibility


   Skills:
 + Level 2.2 Fighting
 + Level 3.2 Staves
 + Level 2.0 Throwing
 + Level 3.2 Dodging


You couldn't memorise any spells.
You didn't know any spells.
Your spell library was empty.

Dungeon Overview and Level Annotations

Branches:
Dungeon (1/1)

Altars:
Cheibriados
Dithmenos
Fedhas
Gozag
Hepliaklqana
Makhleb
Nemelex Xobeh
Okawaru
Qazlal
Ru
Sif Muna
Trog
Vehumet
Wu Jian
Xom
Yredelemnul
Jiyva
Lugonu


Message History

You hit the bat skeleton.
The bat skeleton is moderately damaged.
The bat skeleton hits you but does no damage.
The bat skeleton misses you.
The bat skeleton hits you but does no damage.
You hit the bat skeleton.
The bat skeleton is heavily damaged.
The bat skeleton misses you. x3
You sock the endoplasm!
You kill the endoplasm!
Trog accepts your kill. The bat skeleton closely misses you.
The bat skeleton barely misses you.
You hit the bat skeleton.
You destroy the bat skeleton!
Trog accepts your kill.
Your Throwing skill increases to level 2!
There is an open door here.
You open the door.
A scorpion comes into view.
A river rat and a hobgoblin come into view.
The scorpion stings you. The river rat bites you.
There is an open door, spattered with blood here.
The scorpion attacks as you move away! The scorpion misses you.
The scorpion closely misses you.
Okay, then.
You hit the scorpion.
The scorpion is lightly wounded.
The scorpion completely misses you.
You hit the scorpion.
The scorpion is heavily wounded.
The scorpion stings you.
* * * LOW HITPOINT WARNING * * *
You are lethally poisoned!
The scorpion poisons you!
You hit the scorpion but do no damage.
The scorpion is heavily wounded.
* * * LOW HITPOINT WARNING * * *
You feel very sick. The scorpion barely misses you. The scorpion stings you.
You die...

________.#
______...###########+
##########'##..........
#.?(.')))'.##......#..#
##########.##..........
#...........'..........
+#####'#####......#..#
#..#..# #..........
#.rs@.# ####'#####+
#..#### #.......# #..
#.......# #.g #.......#
##+ #...<...# #.......#
#.......# #.......#
#########


You could see a scorpion and a river rat.

Vanquished Creatures
  A bat skeleton (D)
  2 endoplasms (D)
3 creatures vanquished.

Notes
Turn   | Place    | Note
-------+----------+-------------------------------------------
     0 | D        | boopmooplesden the Demonspawn Gladiator began the quest for
                  | the Orb.
     0 | D        | Reached XP level 1. HP: 16/16 MP: 1/1
    40 | D        | Found a basalt altar of Yredelemnul.
    40 | D        | Found a shimmering altar of Xom.
    40 | D        | Found an ornate altar of the Wu Jian Council.
    40 | D        | Found a bloodstained altar of Trog.
    40 | D        | Found a shimmering blue altar of Sif Muna.
    40 | D        | Found a sacrificial altar of Ru.
    40 | D        | Found a stormy altar of Qazlal.
    40 | D        | Found an iron altar of Okawaru.
    40 | D        | Found a sparkling altar of Nemelex Xobeh.
    40 | D        | Found a burning altar of Makhleb.
    40 | D        | Found a viscous altar of Jiyva.
    40 | D        | Found a hazy altar of Hepliaklqana.
    40 | D        | Found an opulent altar of Gozag.
    40 | D        | Found a blossoming altar of Fedhas.
    40 | D        | Found a shadowy altar of Dithmenos.
    40 | D        | Found a snail-covered altar of Cheibriados.
    41 | D        | Found a radiant altar of Vehumet.
    41 | D        | Found a corrupted altar of Lugonu.
    43 | D        | Became a worshipper of Trog the Wrathful
    58 | D        | Noticed a scorpion
    63 | D        | Slain by a scorpion

Illustrated notes

Levels and vault maps discovered:
D:        pitsprint [storerooms_1, entrance_room_1, metal_vault_5, armoury_1,
          mini_pit_1, grid_room_1, main_hall_1, silver_pit, the_coven_3,
          the_vestibule_1, steel_vault_2, golden_pit, hallway_of_sentries,
          crystal_vault_2, iron_vault_2, final_vault]

Skill      XL: |  1 |
---------------+----+-----
Staves         | 3 |  3.2
Dodging        | 3 |  3.2
Throwing       | 2 |  2.0
Fighting       | |  2.2

Action                     || total
---------------------------++-------
  Melee: Quarterstaff      ||     8
 Armour: Leather armour    ||     3
  Dodge: Dodged            ||    10
